 Dungeon Crawl Stone Soup version 0.29.1-2-gbd0b4ee654 (webtiles) character file.

Game seed: 3221944334380287075

3898 croobank the Nimble (level 10, -9/73 HPs)
             Began as a Djinni Fire Elementalist on Nov 28, 2022.
             Mangled by a wyvern (10 damage)
             ... on level 8 of the Dungeon.
             The game lasted 00:33:25 (9974 turns).

croobank the Nimble (Djinni Fire Elementalist)      Turns: 9974, Time: 00:33:26

Health: -9/73      AC:  7    Str:  7    XL:     10   Next: 43%
Gold:   509        EV: 17    Int: 21    God:
                   SH:  0    Dex: 18

rFire   + + +      SeeInvis +   c - +8 dagger "Gott" {protect, rF++ Dex+4 SInv}
rCold   . . .      Faith    .   (no shield)
rNeg    . . .      Spirit   .   K - +0 steam dragon scales
rPois   ∞          Reflect  .   (no helmet)
rElec   .          Harm     .   D - scarf {rC+ rF+}
rCorr   +          Rampage  .   g - +1 pair of gloves
Will    +....                   (boots unavailable)
Stlth   ++++......              (no amulet)
HPRegen 0.22/turn               x - ring of see invisible
MPRegen 0.00/turn               A - ring of resist corrosion

@: flying
A: sickness immunity, fire resistance 2, cold vulnerability 1, float, innate
caster, HP casting, extra vitality 1
a: no special abilities


You were on level 8 of the Dungeon.
You visited 2 branches of the dungeon, and saw 9 of its levels.

You collected 509 gold pieces.

Inventory:

Hand Weapons
 c - the +8 dagger "Gott" (weapon) {protect, rF++ Dex+4 SInv}
   (You found it on level 8 of the Dungeon)

   It grants its wielder temporary protection when it strikes (+7 to AC).
   Dex:       It affects your dexterity (+4).
   rF:        It greatly protects you from fire.
   SInv:      It lets you see invisible.
 j - a +2 antimagic dagger
 m - a +1 dagger of flaming
 t - the +9 long sword of Tefrang {vorpal, *Noise rN+ Dex+2}
   (You found it on level 4 of the Dungeon)

   It inflicts extra damage upon your enemies.
   Dex:       It affects your dexterity (+2).
   rN:        It protects you from negative energy.
   *Noise:    It may make noises in combat.
 E - a +0 flail of protection
 G - the +8 flail "Agged" {venom, *Noise rF+ Dex+4 SInv}
   (You found it on level 6 of the Dungeon)

   It poisons the flesh of those it strikes.
   Dex:       It affects your dexterity (+4).
   rF:        It protects you from fire.
   SInv:      It lets you see invisible.
   *Noise:    It may make noises in combat.
 J - a +0 scimitar
Armour
 g - a +1 pair of gloves (worn)
 D - a scarf of resistance (worn)
 K - +0 steam dragon scales (worn)
Jewellery
 u - a ring of fire
 x - a ring of see invisible (left hand)
 z - a ring of ice
 A - a ring of resist corrosion (right hand)
 C - a ring of fire
 F - an amulet of reflection
Wands
 a - a wand of paralysis (7)
 s - a wand of flame (16)
 y - a wand of iceblast (16)
 I - a wand of mindburst (14)
Scrolls
 d - 5 scrolls of teleportation
 k - a scroll of fear
 l - 2 scrolls of enchant weapon
 o - 3 scrolls of immolation
 w - 3 scrolls of brand weapon
 H - a scroll of enchant armour
Potions
 b - 5 potions of curing
 e - 4 potions of brilliance
 f - a potion of magic
 h - 2 potions of haste
 i - a potion of mutation
 n - 2 potions of ambrosia
 p - a potion of invisibility
 q - 2 potions of attraction {unknown}
 r - 2 potions of flight {unknown}
 v - a potion of lignification {unknown}
 L - a potion of berserk rage {unknown}


   Skills:
 + Level 6.8 Fighting
 + Level 8.3 Dodging
 + Level 6.8 Stealth
 + Level 6.1 Spellcasting


You couldn't memorise any spells.
You knew the following spells:

 Your Spells              Type           Power      Damage    Failure   Level
a - Foxfire               Conj/Fire      100%       2x1d9     1%          1
b - Scorch                Fire           64%        2d8       1%          2
c - Conjure Flame         Conj/Fire      32%        6-21      2%          3
d - Inner Flame           Hex/Fire       32%        N/A       2%          3
e - Flame Wave            Conj/Fire      32%        2d9       8%          4
f - Necrotise             Necr           100%       1d9       1%          1
g - Searing Ray           Conj           64%        2d6       1%          2
h - Call Canine Familiar  Summ           32%        N/A       2%          3
i - Summon Ice Beast      Ice/Summ       32%        N/A       8%          4
Your spell library was empty.

Dungeon Overview and Level Annotations

Branches:
Dungeon (8/15)             Temple (1/1) D:5
   Lair: D:8-11

Altars:
Ashenzari
Cheibriados
Dithmenos
Elyvilon
Fedhas
Hepliaklqana
Okawaru
Qazlal
Ru
Trog
Uskayaw
Wu Jian
Zin
The Shining One


Innate Abilities, Weirdness & Mutations

You are immune to sickness and miasma.
You are immune to poison.
Your flesh is very heat resistant. (rF++)
You are vulnerable to cold. (rC-)
You float through the air rather than walking.
You learn spells naturally, not from books.
Your magical power is your life essence.
You have superior vitality. (+4 MHP)


Message History

Things that are here:
a +0 leather armour; a bullfrog corpse You swap places.
Your hound bites the wyvern but does no damage.
The wyvern bites your hound but does no damage.
Your ice beast barely misses the wyvern.
Your hound bites the wyvern.
Casting: Call Canine Familiar (mildly dangerous; 2% risk of failure)
Confirm with . or Enter, or press ? or * to list all spells.
* * * LOW HITPOINT WARNING * * *
Your hound disappears in a puff of smoke!
The wyvern bites you!
* * * LOW HITPOINT WARNING * * *
Casting: Call Canine Familiar (mildly dangerous; 2% risk of failure)
Confirm with . or Enter, or press ? or * to list all spells.
* * * LOW HITPOINT WARNING * * *
Your hound disappears in a puff of smoke!
The wyvern completely misses you.
Your ice beast hits the wyvern but does no damage.
Your hound misses the wyvern. The wyvern closely misses you.
What are your orders? t - Shout!
Orders for allies: a - Attack new target. r - Retreat! s - Stop attacking. g - Guard the area. f - Follow me.
Anything else - Cancel.
Okay, then.
As you read the scroll of fear, it crumbles to dust.
You assume a fearsome visage.
The wyvern resists with some effort.
Your hound closely misses the wyvern.
The wyvern barely misses you.
Your ice beast hits the wyvern.
Your ice beast freezes the wyvern.
Your hound closely misses the wyvern.
Casting: Call Canine Familiar (mildly dangerous; 2% risk of failure)
Confirm with . or Enter, or press ? or * to list all spells.
Flames lash the wyvern but do no damage.
* * * LOW HITPOINT WARNING * * *
The wyvern bites you.
* * * LOW HITPOINT WARNING * * *
Your hound misses the wyvern. The wyvern bites you!
You die...

###!......#..>...#
#..................
#...†...#..........
##.##..##.#.......y#
#...##.§..........
##..###.)####.....
##...##Y### .....
#....hl.†)# .. #
##....@)#...#
###....#.#....
#..††## # .##
##....# # #.......
#........
#...##.###.. #... .#
. #... .#


You could see a wyvern (ally target), a friendly ice beast (summoned) and a
friendly hound (summoned).

Vanquished Creatures
  Maggie (D:7)
  An elephant (D:8)
  A hornet (D:8)
  Prince Ribbit (D:7)
  Grinder (D:3)
  A wyvern (D:8)
  Menkaure (D:4)
  Edmund (D:5)
  3 water moccasins
  2 ice beasts
  2 orc warriors (D:7)
  A sky beast (D:7)
  An ogre (D:7)
  2 centaurs (D:7)
  A bullfrog (D:8)
  4 scorpions
  A gnoll sergeant (D:7)
  A howler monkey (D:8)
  3 hounds
  2 jellies
  3 orc priests
  5 iguanas
  Ijyb (D:3)
  6 orc wizards
  7 gnolls
  10 adders
  An ufetubus (D:6)
  2 worms
  4 dart slugs
  20 orcs
  8 endoplasms
  2 giant cockroaches (D:2)
  3 goblins
  3 hobgoblins
  11 jackals
  2 quokkas
  3 ball pythons
  2 bats
  A frilled lizard (D:2)
  7 kobolds
  6 rats
138 creatures vanquished.

Vanquished Creatures (collateral kills)
  A black bear (D:8)
  2 gnolls (D:7)
3 creatures vanquished.

Vanquished Creatures (others)
  304 foxfires
304 creatures vanquished.

Grand Total: 445 creatures vanquished

Notes
Turn   | Place    | Note
-------+----------+-------------------------------------------
     0 | D:1      | croobank the Djinni Fire Elementalist began the quest for
                  | the Orb.
     0 | D:1      | croobank set off with the following spells memorised:
                  | Foxfire, Scorch, Conjure Flame, Inner Flame, Flame Wave.
     0 | D:1      | Reached XP level 1. HP: 15/15 MP: 0/0
   198 | D:1      | Reached XP level 2. HP: 2/21 MP: 0/0
   496 | D:1      | Found a faded altar of an unknown god.
  1555 | D:2      | Reached XP level 3. HP: 22/25 MP: 0/0
  1555 | D:2      | Learned a level 1 spell: Necrotise
  1944 | D:2      | Reached skill level 3 in Dodging
  2298 | D:2      | Reached XP level 4. HP: 30/31 MP: 0/0
  3011 | D:3      | Found an iron altar of Okawaru.
  3011 | D:3      | Found a sacrificial altar of Ru.
  3136 | D:3      | Noticed Grinder
  3143 | D:3      | Killed Grinder
  3144 | D:3      | Reached skill level 4 in Dodging
  3144 | D:3      | Reached XP level 5. HP: 28/38 MP: 0/0
  3144 | D:3      | Learned a level 2 spell: Searing Ray
  3144 | D:3      | Reached XP level 6. HP: 31/43 MP: 0/0
  3296 | D:3      | Found a blossoming altar of Fedhas.
  3352 | D:3      | Found a stormy altar of Qazlal.
  3362 | D:3      | Noticed Ijyb
  3371 | D:3      | Killed Ijyb
  3513 | D:3      | Found a hide-covered altar of Uskayaw.
  3950 | D:4      | Identified the +9 long sword of Tefrang {vorpal, *Noise rN+
                  | Dex+2}
  4080 | D:4      | Found a hazy altar of Hepliaklqana.
  4504 | D:4      | Noticed Menkaure
  4508 | D:4      | Reached XP level 7. HP: 44/49 MP: 0/0
  4508 | D:4      | Learned a level 3 spell: Call Canine Familiar
  4512 | D:4      | Killed Menkaure
  5378 | D:5      | Entered Level 5 of the Dungeon
  5496 | D:5      | Reached skill level 5 in Dodging
  5625 | D:5      | Reached XP level 8. HP: 40/56 MP: 0/0
  5773 | D:5      | Found a staircase to the Ecumenical Temple.
  6539 | Temple   | Entered the Ecumenical Temple
  7057 | D:5      | Noticed Edmund
  7067 | D:5      | Killed Edmund
  7442 | D:6      | Found a bloodstained altar of Trog.
  7549 | D:6      | Found a white marble altar of Elyvilon.
  7565 | D:6      | Reached skill level 6 in Dodging
  7623 | D:6      | Reached skill level 5 in Stealth
  7623 | D:6      | Reached XP level 9. HP: 35/63 MP: 0/0
  7623 | D:6      | Learned a level 4 spell: Summon Ice Beast
  7788 | D:6      | Identified the +8 flail "Agged" {venom, *Noise rF+ Dex+4
                  | SInv}
  8058 | D:6      | Found a glowing golden altar of the Shining One.
  8444 | D:7      | Reached skill level 5 in Fighting
  8575 | D:7      | Noticed Prince Ribbit
  8583 | D:7      | Killed Prince Ribbit
  8584 | D:7      | Reached skill level 5 in Spellcasting
  8903 | D:7      | Reached skill level 7 in Dodging
  9013 | D:7      | Noticed Maggie
  9026 | D:7      | Killed Maggie
  9203 | D:7      | Reached XP level 10. HP: 25/72 MP: 0/0
  9834 | D:8      | Identified the +8 dagger "Gott" {protect, rF++ Dex+4 SInv}
  9874 | D:8      | Noticed an elephant
  9877 | D:8      | Reached skill level 8 in Dodging
  9890 | D:8      | Killed an elephant
  9974 | D:8      | HP: 1/73 [wyvern (6)]
  9974 | D:8      | Mangled by a wyvern

Illustrated notes

Levels and vault maps discovered:
D:1:      mrwooster_arrival_statue, layout_basic, basic_ecumenical_altar
D:2:      layout_basic, serial_rivers, chequers_serial_rivers_micro_b,
          chequers_serial_rivers_room_a, chequers_serial_rivers_micro_e,
          chequers_serial_rivers_micro_b, chequers_serial_rivers_marsh,
          chequers_serial_rivers_small_b, roderic_roman_lattice
D:3:      layout_basic, okawaru_metal_pillars_3, mainiacjoe_overflow_boulevard,
          nicolae_uskayaw_suspiria, hangedman_ru_absence,
          nicolae_overflow_crystal_walls, nicolae_underground_beach, uniq_ijyb,
          uniq_grinder
D:4:      layout_basic, mainiacjoe_overflow_cross_hatched, minivault_23,
          hangedman_decor_clover_reticule, eino_small_chamber_without_monster,
          uniq_menkaure
D:5:      minmay_recursive_quarters, layout_rooms, minmay_temple_entry_ruins,
          hangedman_abyss_or_decor_slice, minmay_door_square, uniq_edmund
D:6:      layout_loops_cross, amcnicky_altar_gilded,
          mainiacjoe_overflow_small_starburst, marbit_many_paths,
          amethyst_killhole
D:7:      layout_basic, mainiacjoe_overflow_six_doors_small, uniq_maggie,
          uniq_prince_ribbit1
D:8:      layout_cave_pools, mainiacjoe_overflow_alcove_1, david_lair_generic,
          dilly_guarded_unrand_devastator, uniq_erica
Temple:   nicolae_temple_little_seven

Skill      XL: |  1  2  3  4  5  6  7  8  9 10 |
---------------+-------------------------------+-----
Stealth        | 2 3 4 5 6 |  6.8
Dodging        | 3 4 5 6 7 8 |  8.3
Fighting       | 2 3 4 6 |  6.8
Spellcasting   | 3 4 5 6 |  6.1

Action                   |  1- 3 |  4- 6 |  7- 9 | 10-12 || total
-------------------------+-------+-------+-------+-------++-------
Melee: Unarmed           |     2 |       |       |       ||     2
       Flail             |       |       |    20 |       ||    20
       Dagger            |       |       |       |     4 ||     4
 Cast: Foxfire           |    59 |    56 |    68 |     1 ||   184
       Scorch            |       |    16 |    92 |    36 ||   144
       Call Canine Famil |       |       |     3 |     8 ||    11
       Summon Ice Beast  |       |       |     2 |     4 ||     6
  Use: Scroll            |       |       |    14 |     3 ||    17
       Potion            |       |       |     1 |     1 ||     2
Armor: Robe              |     4 |     1 |     6 |       ||    11
       Steam dragon scal |       |       |     5 |     5 ||    10
Dodge: Dodged            |    12 |    10 |    62 |    20 ||   104
